 Dungeon Crawl Stone Soup version 0.20.2-3-g29329e0561 (webtiles) character file.

19593 Alfie the Slicer (level 12, 0/106 HPs)
             Began as a Hill Orc Fighter on Nov 27, 2023.
             Slain by a cyan ugly thing (15 damage)
             ... on level 15 of the Dungeon on Nov 28, 2023.
             The game lasted 00:38:53 (11482 turns).

Alfie the Slicer (Hill Orc Fighter)                Turns: 11482, Time: 00:38:54

Health: 0/106      AC: 26    Str: 26    XL:     12   Next: 70%
Magic:  12/12      EV:  9    Int:  8    God:
Gold:   917        SH: 17    Dex: 10    Spells: 0/11 levels left

rFire    . . .     SeeInvis .   a - +2 rapier
rCold    . . .     Gourm    .   c - +0 shield
rNeg     . . .     Faith    .   p - +3 chain mail
rPois    .         Spirit   .   (helmet restricted)
rElec    .         Reflect  .   w - +0 cloak
rCorr    .         Harm     .   G - +0 pair of gloves
MR       .....                  E - +0 pair of boots
Stlth    ..........             t - amulet of regeneration
Regen    0.7/turn               m - +6 ring of protection
MPRegen  0.2/turn               u - +4 ring of strength

@: no status effects
A: antennae 1, large bone plates 1, thin metallic scales 1, weak 1
a: no special abilities


You were on level 15 of the Dungeon.
You were not hungry.

You visited 1 branch of the dungeon, and saw 15 of its levels.

You collected 917 gold pieces.

Inventory:

Hand Weapons
 a - a +2 rapier (weapon)
Missiles
 H - a tomahawk (quivered)
Armour
 c - a +0 shield (worn)
 p - a +3 chain mail (worn)
 w - a +0 cloak (worn)
 C - a +0 helmet
 E - a +0 pair of boots (worn)
 G - a +0 pair of gloves (worn)
Jewellery
 f - an uncursed ring of protection from fire {unknown}
 m - a +6 ring of protection (left hand)
 o - an uncursed ring of resist corrosion
 t - an amulet of regeneration (around neck)
 u - a +4 ring of strength (right hand)
 J - a +5 ring of strength
 L - a +6 ring of intelligence
Wands
 e - a wand of polymorph (17/24)
 q - a wand of paralysis (9/24)
 r - a wand of lightning (7/15)
 y - a wand of confusion (36/48)
 B - a wand of acid (7/15)
 K - a wand of lightning (7/15)
 M - a wand of random effects (10/48)
 O - a wand of flame (29/48)
Scrolls
 k - 2 scrolls of amnesia
 s - 2 scrolls of teleportation
 x - a scroll of recharging
 I - 7 scrolls of remove curse
 P - a scroll of enchant armour {unknown}
 Q - 3 scrolls of brand weapon {unknown}
Potions
 b - 2 potions of magic {unknown}
 d - a potion of resistance {unknown}
 h - a potion of lignification
 i - a potion of curing {unknown}
 j - a potion of mutation
 l - a potion of agility
 n - 2 potions of brilliance
 v - a potion of degeneration
 z - 4 potions of cancellation {unknown}
 A - 4 potions of flight
 N - a potion of invisibility {unknown}
Comestibles
 g - 7 meat rations
 D - 6 royal jellies
 F - a bread ration
 R - 3 fruits


   Skills:
 + Level 10.2 Fighting
 + Level 12.7 Short Blades
 + Level 9.3 Armour
 + Level 4.2 Dodging
 + Level 0.3 Stealth
 + Level 11.9 Shields


You couldn't memorise any spells.
You knew the following spells:

 Your Spells              Type           Power        Failure   Level  Hunger
a - Gell's Gravitas       Tloc           #.........   100%        3    ####...
b - Iskenderun's Battles  Conj/Chrm      #.......     100%        5    ######.
c - Ignite Poison         Fire/Tmut/Pois #.......     100%        3    ####...


Dungeon Overview and Level Annotations

Branches:
Dungeon (15/15)            Temple (0/1) D:5             Orc (0/2) D:11
 Vaults (0/5) D:14
   Lair: D:8-11      Depths: D:15

Altars:
Ashenzari
Cheibriados
Dithmenos
Fedhas
Okawaru
Trog
Uskayaw
The Shining One
Beogh

Annotations:
D:10 Sonja


Innate Abilities, Weirdness & Mutations

You have a pair of small antennae on your head.
You are partially covered in large bone plates. (SH +4)
You are partially covered in thin metallic scales. (AC +2)
You are weak. (Str -2)


Message History

You closely miss the cyan ugly thing.
The cyan ugly thing is lightly wounded.
The green ugly thing basks in the mutagenic energy from its kin and changes!
The cyan ugly thing claws you but does no damage.
You hit the cyan ugly thing.
The cyan ugly thing is moderately wounded.
You puncture the cyan ugly thing!
The cyan ugly thing is heavily wounded.
You block the cyan ugly thing's attack.
You hit the cyan ugly thing.
The cyan ugly thing is heavily wounded.
You block the cyan ugly thing's attack.
You closely miss the cyan ugly thing.
The cyan ugly thing is heavily wounded.
You hit the cyan ugly thing.
The cyan ugly thing is heavily wounded.
The cyan ugly thing claws you.
* * * LOW HITPOINT WARNING * * *
The cyan ugly thing shocks you!
You die...

### ######.# #......#
#......# #......# .
#......#
....########......#
.......@uuu.......######
.....#+###..............
... #...#.......)......
. #...#..............
#...#..##########..
#...#..#........#..
#...'..'........#..
.#####..#........#..
........'........#..


You could see 3 ugly things.

Vanquished Creatures
  The ghost of Alfie the Blocker, a journeyman HOFi (D:11)
  A hydra (D:14)
  3 centaur warriors
  3 two-headed ogres
  2 unseen horrors
  2 cyclopes
  An ugly thing (D:15)
  An efreet (D:13)
  2 trolls
  5 hippogriffs
  4 slime creatures (D:12)
  2 hogs (D:9)
  A human (D:9)
  A wyvern (D:13)
  2 yaks (D:9)
  Grum (D:11)
  Menkaure (D:5)
  2 vampire mosquitoes (D:14)
  4 hungry ghosts
  2 acid dragons
  3 ice beasts
  6 orc warriors
  5 ogres
  2 black bears
  Purgy (D:3)
  2 phantoms
  2 sky beasts
  A necrophage (D:11)
  4 wolves (D:11)
  An eye of draining (D:12)
  10 centaurs
  Blork the orc (D:5)
  11 bullfrogs
  A big kobold (D:9)
  A wyvern skeleton (D:13)
  7 scorpions
  14 killer bees
  3 howler monkeys
  6 crimson imps
  A quasit (D:5)
  2 hounds
  9 jellies
  5 centaur skeletons
  A bullfrog zombie (D:5)
  6 orc priests
  2 gnoll shamans
  12 orc wizards
  Crazy Yiuf (D:3)
  2 iguanas
  Ijyb (D:5)
  Natasha (twice) (D:3)
  7 worker ants
  A hound zombie (D:6)
  2 hound skeletons
  A worker ant zombie (D:7)
  9 gnolls
  A howler monkey skeleton (D:4)
  15 adders
  3 shadow imps
  2 adder zombies
  11 oozes
  An adder skeleton (D:7)
  A worm (D:5)
  2 dart slugs
  3 leopard geckos
  51 orcs
  2 bats
  7 giant cockroaches
  6 goblins
  8 hobgoblins
  16 jackals
  2 quokkas
  5 frilled lizards
  15 kobolds
  5 rats
342 creatures vanquished.

Vanquished Creatures (others)
  4 gnolls (D:5)
  3 fungi (D:4)
  8 toadstools (D:4)
15 creatures vanquished.

Grand Total: 357 creatures vanquished

Notes
Turn   | Place    | Note
-------+----------+-------------------------------------------
     0 | D:1      | Alfie the Hill Orc Fighter began the quest for the Orb.
     0 | D:1      | Reached XP level 1. HP: 19/19 MP: 1/1
   171 | D:1      | Reached XP level 2. HP: 17/27 MP: 2/2
  1015 | D:2      | Reached XP level 3. HP: 33/33 MP: 3/3
  1575 | D:3      | Found a glowing golden altar of the Shining One.
  1659 | D:3      | Reached XP level 4. HP: 40/40 MP: 4/4
  1704 | D:3      | Found a blossoming altar of Fedhas.
  1757 | D:3      | Found a hide-covered altar of Uskayaw.
  1757 | D:3      | Noticed Purgy
  1766 | D:3      | Noticed Natasha
  1775 | D:3      | HP: 2/40 [orc (3)]
  1782 | D:3      | Killed Natasha
  1782 | D:3      | Reached skill level 3 in Short Blades
  1789 | D:3      | Killed Purgy
  1789 | D:3      | Reached skill level 1 in Dodging
  1789 | D:3      | Reached XP level 5. HP: 18/46 MP: 5/5
  1820 | D:3      | Found an iron altar of Okawaru.
  1849 | D:3      | Found a shattered altar of Ashenzari.
  1961 | D:3      | Reached XP level 6. HP: 44/52 MP: 6/6
  2050 | D:3      | Reached skill level 4 in Short Blades
  2071 | D:3      | Noticed Natasha
  2080 | D:3      | Killed Natasha
  2094 | D:3      | Found a runed door.
  2365 | D:3      | Noticed Crazy Yiuf
  2372 | D:3      | Killed Crazy Yiuf
  2718 | D:4      | Reached XP level 7. HP: 51/60 MP: 7/7
  2739 | D:4      | Reached skill level 5 in Shields
  2930 | D:4      | Reached skill level 5 in Fighting
  2940 | D:4      | Reached skill level 5 in Short Blades
  3246 | D:5      | Entered Level 5 of the Dungeon
  3274 | D:5      | Reached skill level 6 in Short Blades
  3274 | D:5      | Reached skill level 5 in Armour
  3274 | D:5      | Reached XP level 8. HP: 69/69 MP: 8/8
  3374 | D:5      | Found a bloodstained altar of Trog.
  3432 | D:5      | Noticed Blork the orc
  3457 | D:5      | Killed Blork the orc
  3480 | D:5      | Noticed Ijyb
  3503 | D:5      | Killed Ijyb
  3577 | D:5      | Found a staircase to the Ecumenical Temple.
  3902 | D:5      | Noticed Menkaure
  3917 | D:5      | Killed Menkaure
  3917 | D:5      | Reached skill level 7 in Short Blades
  4173 | D:6      | Reached XP level 9. HP: 75/75 MP: 9/9
  4709 | D:6      | Reached skill level 8 in Short Blades
  4958 | D:6      | Found a shadowy altar of Dithmenos.
  5040 | D:7      | Learned a level 3 spell: Gell's Gravitas
  6092 | D:8      | Noticed a two-headed ogre
  6115 | D:8      | Killed a two-headed ogre
  6115 | D:8      | Reached skill level 9 in Short Blades
  6115 | D:8      | Reached XP level 10. HP: 51/86 MP: 10/10
  6495 | D:8      | Found a snail-covered altar of Cheibriados.
  7229 | D:9      | Paralysed by a centaur for 4 turns
  7234 | D:9      | Reached skill level 10 in Short Blades
  7725 | D:10     | Entered Level 10 of the Dungeon
  7929 | D:10     | Reached skill level 10 in Shields
  7929 | D:10     | Reached XP level 11. HP: 79/94 MP: 11/11
  8106 | D:10     | Noticed Sonja
  8288 | D:11     | Noticed a two-headed ogre
  8294 | D:11     | Killed a two-headed ogre
  8468 | D:11     | Noticed Grum
  8469 | D:11     | Noticed Alfie's ghost (journeyman HOFi)
  8499 | D:11     | Killed Grum
  8559 | D:11     | Killed Alfie's ghost
  8559 | D:11     | Reached skill level 11 in Short Blades
  8585 | D:11     | Found a staircase to the Orcish Mines.
  8646 | D:11     | Killed an unseen horror
  9184 | D:12     | Paralysed by fainting for 11 turns
  9258 | D:12     | Found a roughly hewn altar of Beogh.
  9461 | D:13     | Noticed a centaur warrior
  9492 | D:13     | Killed a centaur warrior
  9576 | D:13     | Reached XP level 12. HP: 52/105 MP: 12/12
  9628 | D:13     | Learned a level 5 spell: Iskenderun's Battlesphere
  9632 | D:13     | Learned a level 3 spell: Ignite Poison
  9955 | D:13     | Gained mutation: You are partially covered in thin metallic scales. (AC +2) [potion of mutation]
  9955 | D:13     | Gained mutation: You are weak. (Str -2) [potion of mutation]
  9955 | D:13     | Gained mutation: You are partially covered in large bone plates. (SH +4) [potion of mutation]
  9955 | D:13     | Gained mutation: You have a pair of small antennae on your head. [potion of mutation]
  9964 | D:13     | Reached skill level 12 in Short Blades
 10608 | D:14     | Noticed a centaur warrior
 10627 | D:14     | Killed a centaur warrior
 10706 | D:14     | Noticed an eight-headed hydra
 10735 | D:14     | Killed an eight-headed hydra
 11146 | D:14     | Found a gate to the Vaults.
 11146 | D:14     | Noticed a two-headed ogre
 11146 | D:14     | Noticed a vault guard
 11146 | D:14     | Noticed a vault guard
 11146 | D:14     | Noticed a two-headed ogre
 11146 | D:14     | Noticed a vault guard
 11207 | D:15     | Entered Level 15 of the Dungeon
 11207 | D:15     | Noticed a centaur warrior
 11244 | D:15     | Killed a two-headed ogre
 11263 | D:15     | Killed a centaur warrior
 11271 | D:15     | Reached skill level 10 in Fighting
 11482 | D:15     | Slain by a cyan ugly thing

Skill      XL: |  1  2  3  4  5  6  7  8  9 10 11 12 |
---------------+-------------------------------------+-----
Fighting       | 4 5 7 8 9 10 | 10.2
Short Blades   | 3 4 6 7 9 10 11 12 | 12.7
Armour         | 4 5 6 7 8 9 |  9.3
Dodging        | 1 2 3 4 |  4.2
Shields        | 4 5 7 8 10 11 | 11.9
Stealth        | |  0.3

Action                   |  1- 3 |  4- 6 |  7- 9 | 10-12 || total
-------------------------+-------+-------+-------+-------++-------
Melee: Rapier            |   138 |   178 |   654 |  1237 ||  2207
Throw: Tomahawk          |       |       |       |     2 ||     2
  Use: Potion            |       |     2 |     3 |     9 ||    14
       Scroll            |       |     4 |    12 |    13 ||    29
  Eat: Bread ration      |     1 |       |     2 |     3 ||     6
       Fruit             |       |     1 |     1 |       ||     2
       Meat ration       |       |       |     1 |     3 ||     4
       Chunk             |       |       |       |     1 ||     1
Armor: Scale mail        |    61 |       |       |       ||    61
       Chain mail        |       |    86 |   350 |   447 ||   883
       Skin              |       |       |       |     4 ||     4
Dodge: Dodged            |    49 |    43 |   151 |   267 ||   510
Block: Shield            |    71 |    99 |   314 |   635 ||  1119
